 Dungeon Crawl Stone Soup version 0.23-a0-296-ga3b1b28 (webtiles) character file.

25666 riellis the Severer (level 13, -6/83 HPs)
             Began as a Formicid Fighter on Oct 4, 2018.
             Was a High Priest of Okawaru.
             Killed from afar by a red draconian knight (20 damage)
             ... with a shard of ice
             ... on level 1 of the Abyss on Oct 5, 2018.
             The game lasted 01:02:33 (17017 turns).

riellis the Severer (Formicid Fighter)             Turns: 17017, Time: 01:02:33

Health: -6/83      AC: 25    Str: 22    XL:     13   Next: 52%
Magic:  0/19       EV: 21    Int: 10    God:    Okawaru [*****.]
Gold:   1075       SH: 23    Dex: 27    Spells: 12/12 levels left

rFire    + . .     SeeInvis +   V - +1 broad axe of Anopebirgh {holy, rN++}
rCold    + . .     Gourm    .   E - +0 large shield "Igaiciv" {rF+ Int+2 SInv}
rNeg     + + .     Faith    .   h - +6 chain mail of Broken Taboos {Dex+2}
rPois    .         Spirit   +   (helmet unavailable)
rElec    .         Reflect  .   k - +2 cloak of the Thief {+Fog Slay-2 SInv Stlth+}
rCorr    .         Harm     .   z - +0 pair of gloves
MR       +....                  l - +1 pair of boots
Stlth    +++.......             m - amulet of guardian spirit
HPRegen  0.23/turn              i - ring of protection from cold
MPRegen  0.16/turn              j - +6 ring of dexterity

@: agile, heroism, finesse
A: permanent stasis, dig shafts and tunnels, four strong arms, antennae 3,
[deterioration 2], [frail 1], [screaming 2], [subdued magic 2]
a: Dig, Shaft Self, Heroism, Finesse, Renounce Religion, Evoke Fog


You were on level 1 of the Abyss.
You worshipped Okawaru.
Okawaru was extremely pleased with you.
You were not hungry.

You visited 3 branches of the dungeon, and saw 12 of its levels.
You visited the Abyss 1 time.

You collected 1075 gold pieces.

Inventory:

Hand Weapons
 a - a +6 executioner's axe of electrocution
 b - a +5 longbow of velocity
 g - a -1 battleaxe
 A - a +2 antimagic whip
 C - a +3 battleaxe
 R - a +0 whip of draining
 S - the +3 bardiche of Wagem {pain, rPois}
   (You found it on level 8 of the Dungeon)

   In the hands of one skilled in necromantic magic, it inflicts extra damage on
   living creatures.
   It protects you from poison.
 V - the +1 broad axe of Anopebirgh (weapon) {holy, rN++}
   (Okawaru gifted it to you on level 9 of the Dungeon)

   It has been blessed by the Shining One to cause great damage to the undead
   and demons.
   It greatly protects you from negative energy.
Missiles
 e - 259 stones
 q - 11 javelins (quivered)
 N - 3 steel javelins
Armour
 c - a +0 shield
 h - the +6 chain mail of Broken Taboos (worn) {Dex+2}
   (Okawaru gifted it to you on level 1 of the Orcish Mines)

   It affects your dexterity (+2).
 k - the +2 cloak of the Thief (worn) {+Fog Slay-2 SInv Stlth+}
   (You found it on level 4 of the Dungeon)

   It affects your accuracy and damage with ranged weapons and melee attacks
   (-2).
   It lets you see invisible.
   It makes you more stealthy.
 l - a +1 pair of boots (worn)
 n - a scarf of spirit shield
 s - a +0 plate armour of fire resistance
 z - a +0 pair of gloves (worn)
 E - the +0 large shield "Igaiciv" (worn) {rF+ Int+2 SInv}
   (Okawaru gifted it to you on level 1 of the Abyss)

   It affects your intelligence (+2).
   It protects you from fire.
   It lets you see invisible.
 Z - a +0 troll leather armour
Jewellery
 i - a ring of protection from cold (left hand)
 j - a +6 ring of dexterity (right hand)
 m - an amulet of guardian spirit (around neck)
 o - an uncursed ring of poison resistance
 v - a +2 ring of intelligence
 w - an uncursed ring of stealth
 G - a +1 ring of protection
 X - a +2 ring of dexterity
 Y - the ring "Zibrojac" {rElec Int+5 Slay-3 SInv Stlth-}
   (You took it off an orc on level 7 of the Dungeon)

   [ring of attention]

   It affects your intelligence (+5).
   It affects your accuracy and damage with ranged weapons and melee attacks
   (-3).
   It insulates you from electricity.
   It lets you see invisible.
   It makes you less stealthy.
Wands
 d - a wand of digging (8)
 t - a wand of enslavement (13)
 P - a wand of scattershot (4)
 U - a wand of clouds (6)
 W - a wand of flame (52)
Scrolls
 r - a scroll of holy word {unknown}
 y - 2 scrolls of remove curse
 B - 6 scrolls of amnesia
 M - 2 scrolls of magic mapping
 O - 5 scrolls of identify
 T - a scroll of acquirement
Potions
 u - a potion of agility
 x - 2 potions of resistance
 D - 4 potions of curing
 I - a potion of flight
 J - 3 potions of magic
 Q - 2 potions of brilliance {unknown}
Miscellaneous
 p - a fan of gales
Comestibles
 f - 18 rations


   Skills:
 + Level 5.8(10.8) Fighting
 * Level 15.3(20.3) Axes
 + Level 5.9(10.9) Armour
 + Level 3.8(8.8) Dodging
 + Level 13.5(18.5) Shields
 - Level 8.0 Invocations


You had 12 spell levels left.
You didn't know any spells.
Your spell library contained the following spells:

 Spells                   Type           Power        Failure   Level  Hunger
 Apportation              Tloc           #.....       87%         1    ##.....
 Corona                   Hex            #......      87%         1    ##.....
 Ensorcelled Hibernation  Hex/Ice        #.....       95%         2    ###....
 Confuse                  Hex            #.......     99%         3    ####...
 Dazzling Spray           Conj/Hex       #.....       99%         3    ####...
 Tukima's Dance           Hex            #.......     99%         3    ####...


Dungeon Overview and Level Annotations

Branches:
Dungeon (10/15)            Temple (1/1) D:6            Lair (0/6) D:10
    Orc (1/2) D:9

Altars:
Ashenzari
Cheibriados
Dithmenos
Elyvilon
Fedhas
Gozag
Hepliaklqana
Kikubaaqudgha
Makhleb
Nemelex Xobeh
Okawaru
Qazlal
Ru
Sif Muna
Trog
Uskayaw
Vehumet
Wu Jian
Xom
Yredelemnul
Zin
The Shining One
Beogh

Annotations:
D:7 1 runed door
D:10 Sonja


Innate Abilities, Weirdness & Mutations

You cannot be hasted, slowed, berserked, paralysed or teleported.
You can dig through walls and to a lower floor.
Your four strong arms can wield two-handed weapons with a shield.
You have a pair of large antennae on your head. (SInv)
[Your body often deteriorates upon taking damage.]
[You are frail. (-10% HP)]
[You sometimes yell uncontrollably at your foes.]
[Your spells are easier to cast, but less powerful.]


Message History

The starcursed mass is severely damaged.
You hit the starcursed mass.
You destroy the starcursed mass!
Okawaru accepts your kill.
You feel the corruption within you wane somewhat.
Your urge to scream lessens.
You feel robust. x2
You feel like a meek peon again.
You start resting.
A red draconian knight comes into view. It is wielding an enchanted glaive.
Press: ? - help, v - describe, . - travel The floor.
You feel better.
You feel better.
You feel agile all of a sudden.
The red draconian knight hits you with an enchanted glaive!!
* * * LOW HITPOINT WARNING * * *
You gain the combat prowess of a mighty hero.
The red draconian knight gestures at you while chanting.
The shard of ice hits you! You partially resist.
You die...

# #. # ###
# . # # .#
#X #.#. #)
## .
####.#.#
#.#.@q..#
.
.##..##..#
#..#..#..#
#..# .#.
##.# #. #
# ### #$#
. #. ## #.
. #


You could see a red draconian knight.

Vanquished Creatures
  An Executioner (Abyss:1)
  An orc warlord (Orc:1)
  A yellow draconian (Abyss:1)
  A lorocyproca (Abyss:1)
  A two-headed ogre (D:9)
  An orc high priest (Orc:1)
  The ghost of Mikaeshin the Blocker, a novice GrFi of Trog (D:9)
  A wretched star (Abyss:1)
  An unseen horror (D:10)
  2 orc sorcerers (Orc:1)
  3 orc knights (Orc:1)
  A spectral centaur (D:9)
  A cyclops (D:9)
  The ghost of Hector the Thaumaturge, a novice DEFE of Vehumet (D:7)
  Psyche (D:8)
  A hellwing (Abyss:1)
  An ice devil (Abyss:1)
  A troll (Orc:1)
  The ghost of MasterOfDestiny21 the Chopper, an amateur DsFi of Okawaru (D:4)
  Prince Ribbit (D:5)
  5 starcursed masses (Abyss:1)
  A centaur simulacrum (D:9)
  11 yaks (D:9)
  A wraith (D:10)
  Menkaure (D:6)
  4 insubstantial wisps (Abyss:1)
  A warg (Orc:1)
  A water moccasin (D:9)
  2 hell hounds (Abyss:1)
  3 porcupines (D:10)
  25 orc warriors
  A manticore zombie (Abyss:1)
  2 black bears (D:10)
  5 ice beasts
  A phantom (D:5)
  2 sky beasts
  2 necrophages (D:8)
  A wolf (D:10)
  5 ogres
  4 centaurs
  5 crocodiles (D:10)
  3 big kobolds
  Blork the orc (D:6)
  9 bullfrogs
  A gnoll sergeant (D:7)
  3 scorpions
  A water moccasin skeleton (D:8)
  14 killer bees
  A snapping turtle simulacrum (Abyss:1)
  7 crimson imps
  A bullfrog zombie (D:9)
  18 orc priests
  4 jellies
  6 quasits
  A gnoll shaman (D:9)
  4 hounds
  3 centaur skeletons
  3 iron imps (D:5)
  2 iguanas
  20 orc wizards
  11 worker ants
  A statue (D:4)
  3 small abominations (Abyss:1)
  A bullfrog simulacrum (D:9)
  A hound zombie (D:7)
  2 hound skeletons
  19 gnolls
  15 adders
  4 river rats (D:4)
  3 shadow imps
  2 oozes
  2 adder zombies (D:2)
  2 worms (D:2)
  A dart slug (D:3)
  4 leopard geckos
  50 orcs
  3 ball pythons
  7 bats
  10 giant cockroaches
  13 hobgoblins
  4 jackals (D:3)
  27 kobolds
  4 quokkas
  5 frilled lizards
  3 giant cockroach zombies
  10 goblins
  A jackal skeleton (D:2)
  A jackal zombie (D:2)
  A leopard gecko skeleton (D:2)
  A quokka skeleton (D:6)
  27 rats
  2 plants (D:6)
448 creatures vanquished.

Vanquished Creatures (others)
  3 fungi (D:10)
  A plant (D:10)
4 creatures vanquished.

Grand Total: 452 creatures vanquished

Notes
Turn   | Place    | Note
-------+----------+-------------------------------------------
     0 | D:1      | riellis the Formicid Fighter began the quest for the Orb.
     0 | D:1      | Reached XP level 1. HP: 18/18 MP: 1/1
    82 | D:1      | Reached XP level 2. HP: 24/24 MP: 2/2
   426 | D:1      | Reached XP level 3. HP: 29/29 MP: 3/3
   624 | D:1      | Reached skill level 3 in Axes
  1277 | D:2      | Reached XP level 4. HP: 35/35 MP: 4/4
  1345 | D:2      | Found a shattered altar of Ashenzari.
  1657 | D:2      | Noticed a moth of wrath
  1911 | D:2      | Found a glowing silver altar of Zin.
  2012 | D:2      | Found a shimmering altar of Xom.
  2062 | D:2      | Found a bloodstained altar of Trog.
  2111 | D:2      | Reached skill level 4 in Axes
  2367 | D:3      | Reached XP level 5. HP: 41/41 MP: 5/5
  2670 | D:3      | Reached skill level 5 in Shields
  3049 | D:3      | Found an iron altar of Okawaru.
  3064 | D:3      | Became a worshipper of Warmaster Okawaru
  3261 | D:4      | Reached XP level 6. HP: 41/47 MP: 4/6
  3320 | D:4      | Reached skill level 5 in Axes
  3323 | D:4      | Reached skill level 1 in Invocations
  3627 | D:4      | Found a white marble altar of Elyvilon.
  3631 | D:4      | Found a radiant altar of Vehumet.
  3680 | D:4      | Found the +2 cloak of the Thief {+Fog Slay-2 SInv Stlth+}
  3695 | D:4      | Found a glowing golden altar of the Shining One.
  3785 | D:4      | Reached * piety under Okawaru
  3789 | D:4      | Reached XP level 7. HP: 49/52 MP: 8/8
  3872 | D:4      | Found a deep blue altar of Sif Muna.
  4012 | D:4      | Found a runed gate.
  4012 | D:4      | Found a runed gate.
  4012 | D:4      | Found a runed gate.
  4012 | D:4      | Noticed MasterOfDestiny21's ghost (amateur DsFi)
  4155 | D:5      | Entered Level 5 of the Dungeon
  4223 | D:5      | Noticed Prince Ribbit
  4246 | D:5      | Reached skill level 6 in Axes
  4412 | D:5      | Found an ornate altar of the Wu Jian Council.
  4575 | D:5      | Reached XP level 8. HP: 45/58 MP: 5/10
  4742 | D:5      | Reached ** piety under Okawaru
  4866 | D:5      | Found a burning altar of Makhleb.
  4883 | D:5      | Reached skill level 7 in Axes
  4909 | D:5      | Killed Prince Ribbit
  5367 | D:6      | Reached skill level 5 in Invocations
  5409 | D:6      | Found a staircase to the Ecumenical Temple.
  5429 | Temple   | Entered the Ecumenical Temple
  5634 | D:6      | Reached skill level 8 in Axes
  5634 | D:6      | Reached XP level 9. HP: 61/64 MP: 12/12
  6091 | D:6      | Noticed Menkaure
  6106 | D:6      | Killed Menkaure
  6474 | D:6      | Noticed Blork the orc
  6480 | D:6      | Killed Blork the orc
  6575 | D:6      | Reached *** piety under Okawaru
  6850 | D:6      | Reached skill level 9 in Axes
  8002 | D:7      | Found a blossoming altar of Fedhas.
  8053 | D:7      | Reached XP level 10. HP: 58/70 MP: 12/15
  8389 | D:7      | Reached skill level 10 in Axes
  8392 | D:7      | Found a runed door.
  8404 | D:7      | Found a runed door.
  8433 | D:7      | Reached **** piety under Okawaru
  8653 | D:7      | Found a transporter.
  8660 | D:7      | Noticed Hector's ghost (novice DEFE)
  8998 | D:7      | Found a transporter.
 10110 | D:8      | Reached skill level 11 in Axes
 10724 | D:8      | Reached skill level 10 in Shields
 10875 | D:8      | Noticed Psyche
 10897 | D:8      | Killed Psyche
 10947 | D:8      | Got a smoking bardiche
 10949 | D:8      | Identified the +3 bardiche of Wagem {pain, rPois} (You
                  | found it on level 8 of the Dungeon)
 11165 | D:9      | Reached ***** piety under Okawaru
 11165 | D:9      | Reached XP level 11. HP: 58/74 MP: 12/17
 11174 | D:9      | Found a staircase to the Orcish Mines.
 11664 | D:9      | Found a runed gate.
 11664 | D:9      | Found a runed gate.
 11665 | D:9      | Found a runed gate.
 11666 | D:9      | Noticed Mikaeshin's ghost (novice GrFi)
 11766 | D:9      | Reached skill level 12 in Axes
 11777 | D:9      | Killed Mikaeshin's ghost
 11928 | D:9      | Received a gift from Okawaru
 11933 | D:9      | Got a twisted broad axe {god gift}
 11934 | D:9      | Identified the +1 broad axe of Anopebirgh {holy, rN++}
                  | (Okawaru gifted it to you on level 9 of the Dungeon)
 12346 | D:9      | Noticed a two-headed ogre
 12354 | D:9      | Killed a two-headed ogre
 12500 | D:9      | Found a shadowy altar of Dithmenos.
 12550 | D:9      | Noticed a cyclops
 12569 | D:9      | Killed a cyclops
 12569 | D:9      | Reached skill level 13 in Axes
 12964 | D:4      | Killed MasterOfDestiny21's ghost
 13108 | D:4      | Upgraded the game from 0.23-a0-293-g65bf2d1 to
                  | 0.23-a0-296-ga3b1b28
 13201 | D:4      | Identified Sif Muna's Grimoire of Orientation
 13306 | D:7      | Killed Hector's ghost
 13394 | D:7      | Got a transparent silver ring
 13441 | Orc:1    | Entered Level 1 of the Orcish Mines
 13597 | Orc:1    | Found a dark tunnel.
 13619 | Orc:1    | Noticed an orc warlord
 13640 | Orc:1    | Received a gift from Okawaru
 13682 | Orc:1    | Killed an orc warlord
 13682 | Orc:1    | Reached XP level 12. HP: 43/81 MP: 2/18
 13689 | Orc:1    | Got an encrusted chain mail {god gift}
 13700 | Orc:1    | Identified the +6 chain mail of Broken Taboos {Dex+2}
                  | (Okawaru gifted it to you on level 1 of the Orcish Mines)
 13725 | Orc:1    | Noticed a sixfirhy
 13994 | Orc:1    | Found a roughly hewn altar of Beogh.
 14029 | Orc:1    | Reached skill level 14 in Axes
 15012 | Orc:1    | Noticed an orc high priest
 15046 | Orc:1    | Killed an orc high priest
 15142 | Orc:1    | Reached skill level 1 in Dodging
 15864 | D:10     | Entered Level 10 of the Dungeon
 16027 | D:10     | Identified 2 scrolls of acquirement
 16148 | D:10     | Received a gift from Okawaru
 16197 | D:10     | Identified the ring "Zibrojac" {rElec Int+5 Slay-3 SInv
                  | Stlth-} (You took it off an orc on level 7 of the Dungeon)
 16262 | D:10     | Reached XP level 13. HP: 66/90 MP: 16/19
 16410 | D:10     | Found a staircase to the Lair.
 16441 | D:10     | Noticed Sonja
 16453 | D:10     | Cast into level 1 of the Abyss (Sonja)
 16527 | Abyss:1  | Found a corrupted altar of Lugonu.
 16652 | Abyss:1  | Noticed a lorocyproca
 16669 | Abyss:1  | Killed a lorocyproca
 16669 | Abyss:1  | Reached skill level 5 in Fighting
 16669 | Abyss:1  | Reached skill level 15 in Axes
 16669 | Abyss:1  | Reached skill level 5 in Armour
 16769 | Abyss:1  | Noticed an Executioner
 16772 | Abyss:1  | Noticed a yellow draconian
 16785 | Abyss:1  | Killed an Executioner
 16807 | Abyss:1  | Killed a yellow draconian
 16807 | Abyss:1  | Received a gift from Okawaru
 16808 | Abyss:1  | Got a translucent large shield {god gift}
 16819 | Abyss:1  | Identified the +0 large shield "Igaiciv" {rF+ Int+2 SInv}
                  | (Okawaru gifted it to you on level 1 of the Abyss)
 16936 | Abyss:1  | Noticed a starcursed mass
 17011 | Abyss:1  | Noticed a red draconian knight
 17017 | Abyss:1  | Killed from afar by a red draconian knight

Vault maps used:
D:1:      saegor_arrival_simple_d, minmay_fountain_box, minmay_close_crescents
D:2:      nicolae_ashenzari_panopticon, lemuel_doored_altar, tgw_trog,
          zin_academy, serial_undead, serial_undead_b, serial_undead_d,
          serial_undead_d, serial_undead_e
D:3:      okawaru_metal_pillars_1_2
D:4:      kennysheep_mini_moat, vehumet_statue, led_sif_book,
          lemuel_crystal_altar, first_ration, gammafunk_ghost_nasty_kobolds,
          dk_rats_in_the_wall
D:5:      lemuel_round_altar, demons_altar, uniq_prince_ribbit1
D:6:      kennysheep_housing_project, minmay_temple_entry_trees, uniq_menkaure,
          uniq_blork_the_orc
D:7:      lemuel_insect_pit, gammafunk_ghost_stat_death, grunt_ogre_cave,
          fedhas_altar_1
D:8:      minmay_liquid_box, uniq_psyche
D:9:      nicolae_overflow_hidden_temple, orc_0_dummy,
          gammafunk_ghost_necromancy
D:10:     minmay_lair_entry_grove, uniq_sonja
Temple:   dpeg_three_leaves_temple
Orc:1:    orc_temple, nicolae_volcano_entry_two_sided

Skill      XL: |  1  2  3  4  5  6  7  8  9 10 11 12 13 |
---------------+----------------------------------------+-----
Shields        | 4 5 6 7 8 10 12 13 | 13.5
Axes           | 3 4 5 6 8 9 11 13 14 15 | 15.3
Invocations    | 1 3 5 6 8 |  8.0
Dodging        | 2 3 |  3.8
Fighting       | 4 5 |  5.8
Armour         | 4 5 |  5.9

Action                   |  1- 3 |  4- 6 |  7- 9 | 10-12 | 13-15 || total
-------------------------+-------+-------+-------+-------+-------++-------
Melee: War axe           |    64 |   217 |   160 |       |       ||   441
       Battleaxe         |       |       |   159 |   381 |       ||   540
       Morningstar       |       |       |     6 |    26 |       ||    32
       Broad axe         |       |       |       |   461 |   127 ||   588
       Executioner's axe |       |       |       |    70 |    25 ||    95
       Bardiche          |       |       |       |     4 |       ||     4
Throw: Stone             |    16 |       |       |       |       ||    16
       Javelin           |     9 |       |     6 |     2 |       ||    17
Invok: Heroism           |       |       |     6 |    19 |     6 ||    31
       Finesse           |       |       |       |     8 |     2 ||    10
 Abil: Dig               |       |     3 |       |     9 |     4 ||    16
  Use: Potion            |       |     3 |     1 |     5 |     4 ||    13
       Scroll            |       |     3 |     5 |     9 |     4 ||    21
 Stab: Invisible         |       |       |       |    10 |       ||    10
       Distracted        |       |       |       |     1 |       ||     1
  Eat: Chunk             |     1 |     9 |    13 |    25 |     3 ||    51
       Ration            |       |       |       |     1 |       ||     1
Armor: Scale mail        |    22 |    80 |    65 |       |       ||   167
       Plate armour      |       |       |    78 |   220 |       ||   298
       Chain mail        |       |       |       |    73 |    33 ||   106
Dodge: Dodged            |    15 |    73 |    70 |   176 |    30 ||   364
Block: Shield            |    40 |   132 |   205 |   508 |    52 ||   937
       Large shield      |       |       |       |       |    13 ||    13

Table legend:
 A = Non-vault XP
 B = Vault XP
 C = Vault XP percentage of total XP
 D = Non-vault monster count
 E = Vault monster count
 F = Vault count percentage of total count
                 A         B        C        D         E       F
            +---------+---------+-------+---------+---------+-------
      Total |   23831 |   12836 |  35.0 |     300 |     146 |  32.7
            +---------+---------+-------+---------+---------+-------
        D:1 |      33 |       8 |  19.5 |      16 |       4 |  20.0
        D:2 |      57 |      30 |  34.5 |      22 |      12 |  35.3
        D:3 |     136 |       0 |   0.0 |      28 |       0 |   0.0
        D:4 |     219 |     462 |  67.8 |      23 |      30 |  56.6
        D:5 |     805 |     391 |  32.7 |      15 |       4 |  21.1
        D:6 |     632 |    1136 |  64.3 |      18 |      32 |  64.0
        D:7 |    1481 |    1093 |  42.5 |      34 |      19 |  35.8
        D:8 |    1450 |     463 |  24.2 |      32 |       1 |   3.0
        D:9 |    4507 |    1538 |  25.4 |      28 |       5 |  15.2
       D:10 |    2871 |    1341 |  31.8 |      35 |      11 |  23.9
      Orc:1 |    2787 |    6374 |  69.6 |      26 |      28 |  51.9
    Abyss:1 |    8853 |       0 |   0.0 |      23 |       0 |   0.0
            +---------+---------+-------+---------+---------+-------
